 Dungeon Crawl Stone Soup version 0.21.1-1-g345015f (webtiles) character file.

30 Goblin1989 the Vexing (level 3, -3/24 HPs)
             Began as a Demonspawn Enchanter on Mar 1, 2018.
             Splashed by a jelly's acid (9 damage)
             ... on level 2 of the Dungeon.
             The game lasted 00:05:09 (1422 turns).

Goblin1989 the Vexing (Demonspawn Enchanter)        Turns: 1422, Time: 00:05:11

Health: -3/24      AC:  2    Str:  9    XL:     3   Next: 3%
Magic:  5/6        EV: 12    Int: 16    God:
Gold:   41         SH:  0    Dex: 13    Spells: 5/6 levels left

rFire    . . .     SeeInvis .   a - +1 dagger
rCold    . . .     Gourm    .   (no shield)
rNeg     . . .     Faith    .   b - +0 robe
rPois    .         Spirit   .   (no helmet)
rElec    .         Reflect  .   (no cloak)
rCorr    .         Harm     +   (no gloves)
MR       .....                  (no boots)
Stlth    ++........             g - amulet of harm
HPRegen  0.08/turn              (no ring)
MPRegen  0.10/turn              (no ring)

@: no status effects
A: claws 1
a: no special abilities


You were on level 2 of the Dungeon.
You were not hungry.

You visited 1 branch of the dungeon, and saw 2 of its levels.

You collected 41 gold pieces.

Inventory:

Hand Weapons
 a - a +1 dagger (weapon)
Armour
 b - a +0 robe (worn)
 i - a cursed -2 ring mail
Jewellery
 g - an amulet of harm (around neck)
 l - a cursed amulet of inaccuracy {unknown}
Scrolls
 f - a scroll of magic mapping {unknown}
 m - a scroll of identify {unknown}
 o - a scroll of remove curse {unknown}
Potions
 j - a potion of might {unknown}
 k - a potion of heal wounds {unknown}
 n - a potion of lignification {unknown}
 p - a potion of curing {unknown}
 q - a potion of haste {unknown}
Books
 c - a book of Maledictions

   Spells                             Type                      Level
   a - Corona                         Hexes                        1
   b - Ensorcelled Hibernation        Hexes/Ice                    2
   c - Confuse                        Hexes                        3
   d - Tukima's Dance                 Hexes                        3
   e - Dazzling Spray                 Conjuration/Hexes            3
Comestibles
 e - 4 rations


   Skills:
 - Level 0.2 Fighting
 - Level 1.5 Short Blades
 - Level 1.8 Dodging
 - Level 2.7 Stealth
 + Level 1.7 Unarmed Combat
 - Level 2.0 Spellcasting
 - Level 3.0 Hexes


You had 5 spell levels left.
You knew the following spells:

 Your Spells              Type           Power        Failure   Level  Hunger
a - Corona                Hex            ##.....      6%          1    #......


Dungeon Overview and Level Annotations

Branches:
Dungeon (2/15)

Altars:


Innate Abilities, Weirdness & Mutations

You have sharp fingernails.


Message History

You hit the hobgoblin but do no damage. The hobgoblin barely misses you.
You hit the hobgoblin.
You kill the hobgoblin!
No target in view!
No target in view!
No target in view!
No target in view!
No target in view!
No target in view!
No target in view!
No target in view!
No target in view!
No target in view!
No target in view!
No target in view!
No target in view!
No target in view!
No target in view!
No target in view!
No target in view!
No target in view!
No target in view!
You butcher the hobgoblin corpse.
h - 4 chunks of flesh (gained 2)
You see here a hobgoblin skeleton. x2
You open the door.
There is an open door here.
n - an orange potion Some of the chunks of flesh in your inventory have rotted away.
You see here 24 stones.
There is an open door here.
You open the door.
There is an open door here.
e - 3 rations (gained 1) Some of the chunks of flesh in your inventory have rotted away.
All of the chunks of flesh in your inventory have rotted away.
Done exploring.
(D) Dungeon
Where to? (? - help)
You are feeling hungry.
(D) Dungeon
Where to? (Enter - D:2, ? - help)
There is a stone staircase leading down here.
You climb downwards.
There is a stone staircase leading up here.
Found a stone staircase leading down.
You now have 30 gold pieces (gained 7).
e - 4 rations (gained 1)
Found an escape hatch in the floor.
You now have 36 gold pieces (gained 6).
An adder comes into view.
You hear a distant slurping noise.
The helpless adder fails to defend itself.
You puncture the adder!
You kill the adder!
You have reached level 3!
Your experience leads to an increase in your attributes!
Increase (S)trength, (I)ntelligence, or (D)exterity?
You feel stronger.
Health restored: 24; MP restored: 6 Unknown command.
You butcher the adder corpse.
o - a chunk of flesh Eating a chunk of flesh.
You eat the chunk of flesh.
This raw flesh tastes terrible.
You now have 41 gold pieces (gained 5).
o - a scroll labeled OHUPNU LATSO
p - a yellow potion
q - a fizzy cyan potion An adder comes into view.
A jelly comes into view.
Casting: Corona
Confirm with . or Enter, or press ? or * to list all spells.
Aiming: Corona
Press: ? - help, Shift-Dir - straight line, f - jelly
Aim: a jelly (hasn't noticed you, chance to defeat MR: 55%)
The jelly is outlined in light.
You now have 5/6 mp.
You hit the jelly.
Your claws burn!
The jelly is lightly wounded.
The jelly barely misses you.
You take 1 damage, and have 23/24 hp.
You hit the jelly.
Your claws burn!
The jelly is moderately wounded.
The jelly hits you.
You are splashed with acid!
The acid burns!
You take 10 damage, and have 13/24 hp.
MASSIVE DAMAGE!!
You hit the jelly.
Your claws burn!
The jelly is moderately wounded.
The jelly misses you.
You take 1 damage, and have 12/24 hp.
You hit the jelly.
Your claws burn!
* * * LOW HITPOINT WARNING * * *
The jelly is moderately wounded.
The jelly closely misses you.
You take 6 damage, and have 6/24 hp.
MASSIVE DAMAGE!!
You completely miss the jelly.
The jelly is moderately wounded.
The jelly hits you.
* * * LOW HITPOINT WARNING * * *
You are splashed with acid!
The acid burns!
You die...

...S.. ......
█....█ ████....█
█... █ .......█ ...
.██ █.....█ █..
.... █.....████.█
█..█
█.......██.█....█
█....@█.██.█...█
█.██.J█.█....█ ███
█.......█████ ...
█..██.......█ █.█
..........███.█ █.█
█.██.███.█.....█
█.█ █ █. .........█
█.█
█.███.█████.████.██
█.█ ██.......


You could see a jelly.

Vanquished Creatures
  An adder (D:2)
  A dart slug (D:1)
  4 goblins (D:1)
  2 hobgoblins (D:1)
  A bat (D:1)
  3 frilled lizards (D:1)
  4 kobolds (D:1)
  6 rats (D:1)
22 creatures vanquished.

Notes
Turn   | Place    | Note
-------+----------+-------------------------------------------
     0 | D:1      | Goblin1989 the Demonspawn Enchanter began the quest for the Orb.
     0 | D:1      | Reached XP level 1. HP: 13/13 MP: 3/3
     2 | D:1      | Noticed a halfling
     2 | D:1      | Noticed a felid
     6 | D:1      | Noticed a spriggan
     6 | D:1      | Noticed a merfolk
     8 | D:1      | Noticed a human
     8 | D:1      | Noticed a vine stalker
    10 | D:1      | Noticed a dwarf
    10 | D:1      | Noticed a minotaur
    12 | D:1      | Noticed an octopode
    14 | D:1      | Noticed a naga
    14 | D:1      | Noticed a ghoul
    16 | D:1      | Noticed a gargoyle
    16 | D:1      | Noticed a formicid
    18 | D:1      | Noticed a demigod
    18 | D:1      | Noticed a tengu
    20 | D:1      | Noticed an elf
    20 | D:1      | Noticed an ogre
    22 | D:1      | Noticed a demonspawn
    22 | D:1      | Noticed a draconian
    24 | D:1      | Noticed a troll
    26 | D:1      | Noticed a vampire
    26 | D:1      | Noticed a centaur
    34 | D:1      | Reached skill level 1 in Short Blades
   388 | D:1      | Gained mutation: You have sharp fingernails. [demonic ancestry]
   388 | D:1      | Reached XP level 2. HP: 12/19 MP: 3/5
   902 | D:1      | Reached skill level 1 in Unarmed Combat
  1390 | D:2      | Reached XP level 3. HP: 24/24 MP: 6/6
  1422 | D:2      | Splashed by a jelly's acid

Skill      XL: |  1  2 |
---------------+-------+-----
Short Blades   | 1 |  1.5
Unarmed Combat | 1 |  1.7
Fighting       | |  0.2
Dodging        | |  1.8
Stealth        | |  2.7
Spellcasting   | |  2.0
Hexes          | |  3.0

Action                   || total
-------------------------++-------
Melee: Dagger            ||    61
 Cast: Corona            ||    14
 Stab: Sleeping          ||     4
  Eat: Chunk             ||     2
Armor: Robe              ||     8
Dodge: Dodged            ||    22

Vault maps used:
D:1:      kb_arrival_jail
D:2:      lemuel_crystal_altar, lemuel_round_altar, fedhas_altar_fruit_tree
